 Dungeon Crawl Stone Soup version 0.27-a0-242-ge0fc76b88b (webtiles) character file.

Game seed: 8412066381844266547

865 tsouns the Cleaver (level 8, -1/74 HPs)
             Began as a Hill Orc Delver on Feb 2, 2021.
             Was a Believer of Beogh.
             Slain by a lemure (3 damage)
             ... led by Pikel
             ... on level 5 of the Dungeon.
             The game lasted 00:04:38 (2513 turns).

tsouns the Cleaver (Hill Orc Delver)                Turns: 2513, Time: 00:04:39

Health: -1/74      AC:  2    Str: 17    XL:     8   Next: 3%
Magic:  8/8        EV: 11    Int: 10    God:    Beogh [**....]
Gold:   55         SH:  0    Dex: 12    Spells: 7/7 levels left

rFire    . . .     SeeInvis .   k - +0 war axe
rCold    . . .     Faith    .   (no shield)
rNeg     . . .     Spirit   .   i - +1 ring mail
rPois    .         Reflect  .   (no helmet)
rElec    .         Harm     .   (no cloak)
rCorr    .         Rampage  .   (no gloves)
Will     .....                  (no boots)
Stlth    ++........             (no amulet)
HPRegen  0.22/turn              (no ring)
MPRegen  0.11/turn              (no ring)

@: corroded
A: no striking features
a: Renounce Religion, Smiting


You were on level 5 of the Dungeon.
You worshipped Beogh.
Beogh was pleased with you.
You visited 1 branch of the dungeon, and saw 2 of its levels.
You also visited: Ossuary.

You collected 55 gold pieces.

Inventory:

Hand Weapons
 a - a +0 hand axe
 d - the +9 hunting sling of Vanity {vorpal, rC+ MP-9 Str+2 Int+3, unknown}
   (You found it on level 4 of the Dungeon)

   Any stone fired from it inflicts extra damage.
   It affects your strength (+2).
   It affects your intelligence (+3).
   It protects you from cold.
   It affects your magic capacity (-9).
 k - a +0 war axe (weapon)
Missiles
 h - 20 poisoned darts (quivered)
 j - 11 boomerangs
Armour
 b - a +0 leather armour
 i - a +1 ring mail (worn)
Wands
 g - a wand of digging (3)
 p - a wand of polymorph (6)
Scrolls
 c - a scroll of fog
 m - 2 scrolls of teleportation {unknown}
Potions
 f - a potion of flight
 l - a potion of heal wounds
 n - 2 potions of invisibility {unknown}
 o - 2 potions of curing


   Skills:
 + Level 8.3 Fighting
 + Level 8.5 Axes
 - Level 1.5 Dodging
 - Level 4.1 Stealth


You had 7 spell levels left.
You didn't know any spells.
Your spell library was empty.

Dungeon Overview and Level Annotations

Branches:
Dungeon (5/15)            Ossuary (visited)
 Temple: D:4-7

Altars:

Annotations:
D:5 Pikel


Message History

You slash the lemure!
The lemure is almost dead.
You hit Pikel. You barely miss the lemure.
An orc comes into view.
It is wielding a +1 flail of protection.
The lemure hits you but does no damage.
Pikel zaps a wand.
The bolt of acid hits you!!
* * * LOW HITPOINT WARNING * * *
The acid corrodes you!
You are splashed with acid!
* * * LOW HITPOINT WARNING * * *
The lemure hits you.
* * * LOW HITPOINT WARNING * * *
Unknown command.
As you read the scroll of fear, it crumbles to dust.
You assume a fearsome visage.
Pikel looks frightened!
The lemure is unaffected. x3
The orc looks frightened!
The lemure barely misses you. The lemure hits you but does no damage.
The lemure hits you.
* * * LOW HITPOINT WARNING * * *
Unknown command.
The lemure hits you.
You die...

.##..........##.#**,,,,,*,,,,,,,,
.....###........##,,,,,,,,,,,,**,
.##.).###<.......#.....,,**,,,*,,
....†...........##....,,,,*,,,,,,
...##.##..............,,,,,,,,,,,
...##.#.........#...##*,,,,,,,,**
...#............##...##..,,,,,,*
...#.............#......,,,,*,**
#...............@55.#,,,,,,,***
..###....##..###...K#,,,,,,**
....###.......####5...#*,,,,***
###..##......####..#.##*,,,,,,**
###...#............#*# *,,,,,,,*
.###....###........# ***,,,,,***
.###....##.........#**,,,,,,,,*
###.##..#.#.........**,,*,,,***
................#...,,,**,,**


You could see Pikel (fleeing) and 3 lemures.

Vanquished Creatures
  An ice beast (D:5)
  3 elf zombies (Ossuary)
  A bullfrog (D:4)
  A howler monkey (D:4)
  A bullfrog zombie (D:5)
  4 centaur zombies (Ossuary)
  A bullfrog skeleton (D:5)
  2 hounds (D:5)
  2 iguanas (D:4)
  3 worker ants
  2 mummies (Ossuary)
  A howler monkey skeleton (D:5)
  2 adder zombies (Ossuary)
  2 leopard geckos (D:4)
  9 orcs
  3 giant cockroaches
  A frilled lizard (D:5)
  11 hobgoblin zombies (Ossuary)
  A jackal zombie (Ossuary)
  9 kobold zombies (Ossuary)
  A leopard gecko skeleton (D:5)
  5 orc zombies (Ossuary)
  2 rat zombies (Ossuary)
68 creatures vanquished.

Vanquished Creatures (others)
  A lemure (D:5)
  An orc priest (D:5)
  An orc wizard (D:5)
  A leopard gecko (D:5)
  2 orcs (D:5)
6 creatures vanquished.

Grand Total: 74 creatures vanquished

Notes
Turn   | Place    | Note
-------+----------+-------------------------------------------
     0 | D:5      | tsouns the Hill Orc Delver began the quest for the Orb.
     0 | D:5      | Reached XP level 1. HP: 19/19 MP: 1/1
    15 | D:5      | Noticed an orc wizard
    24 | D:5      | Noticed an orc priest
    26 | D:5      | Became a worshipper of Beogh the Brigand
    32 | D:5      | Killed an orc priest
    40 | D:5      | Reached XP level 2. HP: 18/27 MP: 2/2
    87 | D:5      | Reached XP level 3. HP: 15/34 MP: 3/3
   128 | D:5      | Noticed an ice beast
   214 | D:5      | Killed a lemure
   263 | D:5      | Noticed a lemure
   324 | D:4      | Noticed a bullfrog
   348 | D:4      | Reached XP level 4. HP: 22/41 MP: 4/4
   351 | D:4      | Killed a bullfrog
   352 | D:4      | Reached skill level 5 in Fighting
   352 | D:4      | Reached skill level 5 in Axes
   352 | D:4      | Reached XP level 5. HP: 22/48 MP: 5/5
   356 | D:4      | Got a transparent hunting sling
   663 | D:4      | Found a sand-covered staircase.
   677 | Ossuary  | Entered an ossuary
   739 | Ossuary  | Reached * piety under Beogh
   890 | Ossuary  | Reached XP level 6. HP: 45/57 MP: 6/6
  1363 | Ossuary  | Reached XP level 7. HP: 24/66 MP: 7/7
  1578 | Ossuary  | Reached ** piety under Beogh
  2396 | D:5      | Reached XP level 8. HP: 69/74 MP: 8/8
  2500 | D:5      | Noticed Pikel
  2511 | D:5      | HP: 2/74 [lemure[Pikel] (4)]
  2513 | D:5      | Slain by a lemure

Illustrated notes

Levels and vault maps discovered:
D:4:      layout_rooms, nicolae_ossuary_entry_false_entrances, serial_curves,
          eino_curves_04, eino_curves_04
D:5:      layout_cave_pools, minivault_14, item_on_display_a, uniq_pikel

Skill      XL: |  1  2  3  4  5  6  7 |
---------------+----------------------+-----
Axes           | 3 4 5 6 7 8 |  8.5
Fighting       | 4 5 6 7 8 |  8.3
Dodging        | |  1.5
Stealth        | |  4.1

Action                   |  1- 3 |  4- 6 |  7- 9 || total
-------------------------+-------+-------+-------++-------
Melee: Hand axe          |     7 |       |       ||     7
       War axe           |    25 |   148 |   103 ||   276
Invok: Convert to Beogh  |     1 |       |       ||     1
  Use: Scroll            |     3 |     1 |     5 ||     9
       Potion            |     1 |       |       ||     1
 Stab: Sleeping          |     1 |     2 |     1 ||     4
Armor: Leather armour    |     1 |       |       ||     1
       Ring mail         |     4 |    40 |    32 ||    76
Dodge: Dodged            |    30 |    70 |    63 ||   163

Table legend: (Time is in decaauts)
 A = Elapsed time spent in this place.
 B = Non-inter-level travel time spent in this place.
 C = Inter-level travel time spent in this place.
 D = Time resting spent in this place.
 E = Time spent auto-exploring this place.
 F = Levels seen in this place.
 G = Mean time per level.
                   A        B        C        D        E       F      G
               +--------+--------+--------+--------+--------+-----+--------+
         Total |   2544 |   2518 |     26 |      0 |   1783 |   3 |  848.0 |
       Dungeon |   1426 |   1400 |     26 |      0 |   1007 |   2 |  713.0 |
       Ossuary |   1118 |   1118 |      0 |      0 |    776 |   1 | 1118.0 |
               +--------+--------+--------+--------+--------+-----+--------+

Top non-repeatable levels by time:
 Ossuary: 1118 daAuts
     D:4: 887 daAuts
     D:5: 538 daAuts
